 Dungeon Crawl Stone Soup version 0.23-a0-760-g92239d2 (webtiles) character file.

39 SmSkdm the Insei (level 3, 0/23 HPs)
             Began as a Kitsune Transmuter on May 9, 2019.
             Slain by an adder (1 damage)
             ... on level 2 of the Dungeon.
             The game lasted 00:03:02 (1183 turns).

SmSkdm the Insei (Kitsune Transmuter)               Turns: 1183, Time: 00:03:03

Health: 0/23       AC:  2    Str:  8    XL:     3   Next: 67%
Magic:  5/7        EV: 12    Int: 16    God:
Gold:   69         SH:  0    Dex: 16    Spells: 5/8 levels left

rFire    . . .     SeeInvis .     - Unarmed
rCold    . . .     Gourm    .   (no shield)
rNeg     . . .     Faith    .   b - +0 robe
rPois    .         Spirit   .   (helmet restricted)
rElec    .         Reflect  .   (no cloak)
rCorr    .         Harm     .   (no gloves)
MR       .....                  (no boots)
Stlth    +.........             (no amulet)
HPRegen  0.07/turn              (no ring)
MPRegen  0.10/turn              (no ring)

@: lethally poisoned (0 -> -8), exhausted, appendage
A: charm monsters, no helmets, claws 1, horns 2
a: Charm Monsters, End Transformation


You were on level 2 of the Dungeon.
You were not hungry.
You had grown temporary horns.
You visited 1 branch of the dungeon, and saw 2 of its levels.

You collected 69 gold pieces.

Inventory:

Missiles
 a - 7 arrows
Armour
 b - a +0 robe (worn)
Scrolls
 c - a scroll of teleportation {unknown}
 f - a scroll of random uselessness {unknown}
Potions
 e - a potion of heal wounds {unknown}
 g - a potion of curing {unknown}
Comestibles
 d - 3 rations
 h - 4 chunks of flesh


   Skills:
 + Level 1.3 Fighting
 - Level 1.5 Dodging
 + Level 3.0 Unarmed Combat
 + Level 3.0 Spellcasting
 + Level 2.7 Transmutations


You had 5 spell levels left.
You knew the following spells:

 Your Spells              Type           Power        Failure   Level  Hunger
a - Beastly Appendage     Tmut           ##....       6%          1    #......
b - Sticks to Snakes      Tmut           ##......     9%          2    ##.....

Your spell library contained the following spells:

 Spells                   Type           Power        Failure   Level  Hunger
 Spider Form              Tmut/Pois      #.........   32%         3    ###....
 Ice Form                 Ice/Tmut       #.......     71%         4    #####..
 Blade Hands              Tmut           ##........   86%         5    ######.


Dungeon Overview and Level Annotations

Branches:
Dungeon (2/15)

Altars:


Innate Abilities, Weirdness & Mutations

You can charm monsters.
You have fox ears (no helmets).
You have sharp fingernails.
You have a pair of horns on your head.


Message History

The adder poisons you!
You closely miss the adder.
The adder is moderately wounded.
You feel sick. The adder bites you.
* * * LOW HITPOINT WARNING * * *
Unknown command.
Unknown command.
You miss the adder.
The adder is moderately wounded.
The adder bites you.
* * * LOW HITPOINT WARNING * * *
Unknown command.
Unknown command.
You closely miss the adder.
The adder is moderately wounded.
The adder bites you.
* * * LOW HITPOINT WARNING * * *
You are more poisoned.
The adder poisons you! The adder bites you.
You die...

.#...#...# #
..#...#.# #
.!#...#...#
..#...#...#.#
#...#...#...#
#...#...#.##.#
#...#......#
#...#..S####.#
#...#..##@#
#....## #รท#
#.## #.# #.#
#.# #.# #.#
#.# ##.# #.#
#..#


You could see an adder.

Vanquished Creatures
  A worm (D:2)
  5 bats (D:1)
  A giant cockroach (D:2)
  3 goblins
  3 hobgoblins
  3 kobolds (D:1)
  2 frilled lizards (D:2)
  5 rats
23 creatures vanquished.

Vanquished Creatures (collateral kills)
  2 adders (D:2)
  A jackal (D:2)
  A kobold (D:2)
  2 frilled lizards (D:2)
6 creatures vanquished.

Grand Total: 29 creatures vanquished

Notes
Turn   | Place    | Note
-------+----------+-------------------------------------------
     0 | D:1      | SmSkdm the Kitsune Transmuter began the quest for the Orb.
     0 | D:1      | Reached XP level 1. HP: 12/12 MP: 3/3
   118 | D:1      | Reached skill level 1 in Fighting
   128 | D:1      | Reached XP level 2. HP: 11/18 MP: 5/5
   742 | D:2      | Reached XP level 3. HP: 8/23 MP: 7/7
   746 | D:2      | Learned a level 2 spell: Sticks to Snakes
   766 | D:2      | HP: 1/23 [poisoned by an adder]
  1183 | D:2      | HP: 1/23 [adder (4)]
  1183 | D:2      | Slain by an adder

Vault maps used:
D:1:      dpeg_arrival_rhombus, minmay_misc_feat_x
D:2:      nicolae_overflow_hidden_temple, cheibriados_altar_1,
          chequers_ecumenical_altar_simple, hex_medium

Skill      XL: |  1  2  3 |
---------------+----------+-----
Fighting       | 1 |  1.3
Unarmed Combat | 3 |  3.0
Spellcasting   | 3 |  3.0
Dodging        | |  1.5
Transmutations | |  2.7

Action                   || total
-------------------------++-------
Melee: Unarmed           ||    77
 Cast: Sticks to Snakes  ||     5
       Beastly Appendage ||     2
 Abil: Charm Monsters    ||     4
 Stab: Sleeping          ||     4
  Eat: Chunk             ||     1
Armor: Robe              ||    12
Dodge: Dodged            ||    51

Table legend:
 A = Non-vault XP
 B = Vault XP
 C = Vault XP percentage of total XP
 D = Non-vault monster count
 E = Vault monster count
 F = Vault count percentage of total count
                 A         B        C        D         E       F
            +---------+---------+-------+---------+---------+-------
      Total |      56 |       0 |   0.0 |      28 |       0 |   0.0
            +---------+---------+-------+---------+---------+-------
        D:1 |      25 |       0 |   0.0 |      16 |       0 |   0.0
        D:2 |      31 |       0 |   0.0 |      12 |       0 |   0.0
            +---------+---------+-------+---------+---------+-------
